 Dungeon Crawl Stone Soup version 0.27-a0-54-g64bdb92e38 (webtiles) character file.

Game seed: 626776805003396370

17 tatocazan the Magician (level 2, -7/15 HPs)
             Began as a Deep Elf Air Elementalist on Jan 7, 2021.
             Shot with an arrow by a centaur (8 damage)
             ... on level 2 of the Dungeon.
             The game lasted 00:01:45 (1206 turns).

tatocazan the Magician (Deep Elf Air Elementalist)  Turns: 1206, Time: 00:01:45

Health: -7/15      AC:  2    Str:  5    XL:     2   Next: 44%
Magic:  8/8        EV: 13    Int: 19    God:
Gold:   70         SH:  0    Dex: 15    Spells: 6/7 levels left

rFire    . . .     SeeInvis .   (no weapon)
rCold    . . .     Faith    .   (no shield)
rNeg     . . .     Spirit   .   a - +0 robe
rPois    .         Reflect  .   (no helmet)
rElec    .         Harm     .   (no cloak)
rCorr    .         Rampage  .   (no gloves)
Will     .....                  (no boots)
Stlth    +.........             (no amulet)
HPRegen  0.05/turn              b - ring of attention (curse)
MPRegen  0.11/turn              (no ring)

@: no status effects
A: no striking features
a: no special abilities


You were on level 2 of the Dungeon.
You visited 1 branch of the dungeon, and saw 2 of its levels.

You collected 70 gold pieces.

Inventory:

Armour
 a - a +0 robe (worn)
Jewellery
 b - a cursed ring of attention (left hand)
Potions
 c - a potion of berserk rage {unknown}
 d - a potion of heal wounds
 f - a potion of lignification
 h - 3 potions of curing
 i - a potion of magic {unknown}
 k - a potion of might {unknown}
 l - a potion of cancellation


   Skills:
 + Level 2.6 Dodging
 + Level 2.7 Stealth
 * Level 3.4 Spellcasting
 + Level 1.3 Conjurations
 * Level 3.2 Air Magic


You had 6 spell levels left.
You knew the following spells:

 Your Spells              Type           Power        Failure   Level
a - Shock                 Conj/Air       48%          5%          1

Your spell library contained the following spells:

 Spells                   Type           Power        Failure   Level
 Swiftness                Air            15%          6%          2
 Static Discharge         Conj/Air       12%          17%         3
 Airstrike                Air            7%           36%         4
 Lightning Bolt           Conj/Air       6%           83%         5


Dungeon Overview and Level Annotations

Branches:
Dungeon (2/15)

Altars:
Ashenzari

Annotations:
D:2 Terence


Message History

There is an open door here.
There is a fountain of clear blue water here.
There is a fountain of clear blue water here.
There is an escape hatch in the floor here.
There is an open door here.
There is a stone staircase leading down here.
You climb downwards.
A quokka and Terence come into view.
Terence shouts!
The centaur shoots an arrow.
The arrow hits you!
Ouch! That really hurt!
* * * LOW HITPOINT WARNING * * *
A giant cockroach comes into view.
Found 16 gold pieces and a robe.
Found an escape hatch in the ceiling.
There is a stone staircase leading up here.
You see here an arrow.
You take 14 damage, and have 1/15 hp.
MASSIVE DAMAGE!!
The centaur shoots an arrow.
The arrow hits you!
Ouch! That really hurt!
You die...

.............##
........$....#
...!.........#
.[....c.....#####
................#.
.........@.......$
..................
B.$........<...
.......@.r....#
...............
[..............
##.##........#. #
#........#
..######## ..# ..#


You could see a centaur, Terence, a quokka and a giant cockroach (wandering).

Vanquished Creatures
  A dart slug (D:1)
  2 giant cockroaches (D:1)
  4 goblins (D:1)
  A hobgoblin (D:1)
  3 bats (D:1)
  2 kobolds (D:1)
  A rat (D:1)
14 creatures vanquished.

Notes
Turn   | Place    | Note
-------+----------+-------------------------------------------
     0 | D:1      | tatocazan the Deep Elf Air Elementalist began the quest for
                  | the Orb.
     0 | D:1      | Reached XP level 1. HP: 10/10 MP: 6/6
   417 | D:1      | Reached XP level 2. HP: 13/15 MP: 0/8
   911 | D:2      | Found a broken altar of Ashenzari.
   911 | D:2      | Noticed a centaur
  1205 | D:2      | Noticed Terence
  1206 | D:2      | Shot with an arrow by a centaur

Illustrated notes

Levels and vault maps discovered:
D:1:      zaba_arrival_water, layout_basic
D:2:      layout_rooms, ashenzari_altar_1, uniq_terence

Action                   || total
-------------------------++-------
 Cast: Shock             ||    35
  Use: Scroll            ||     6
Armor: Robe              ||     2
Dodge: Dodged            ||     5

Table legend: (Time is in decaauts)
 A = Elapsed time spent in this place.
 B = Non-inter-level travel time spent in this place.
 C = Inter-level travel time spent in this place.
 D = Time resting spent in this place.
 E = Time spent auto-exploring this place.
 F = Levels seen in this place.
 G = Mean time per level.
                   A        B        C        D        E       F      G
               +--------+--------+--------+--------+--------+-----+--------+
         Total |   1212 |   1131 |     81 |    561 |    470 |   2 |  606.0 |
       Dungeon |   1212 |   1131 |     81 |    561 |    470 |   2 |  606.0 |
               +--------+--------+--------+--------+--------+-----+--------+

Top non-repeatable levels by time:
     D:1: 1206 daAuts
     D:2: 6 daAuts
